partlyeaten, lawful female human Valkyrie --------------- |.............| |..............##### ------------- |.............| # |`.........`| |..<........... #####|..... .....| |.............| # |...-----...| --------------- ##....|.S..e..| |..`|{@@|`..| |...|.SS|...| |...-----...| |...).`.%...| |`.........`| ------------- partlyeaten the Skirmisher Experience level: 4 Strength: 25 Dexterity: 14 Constitution: 18 Intelligence: 8 Wisdom: 9 Charisma: 9 Health: 0(47) Energy: 8(8) Def: 18 Gold: 98 Moves: 1328 Dungeon seed: ge2Ftg4U5Dlho97j Game ID: partlyeaten_1466462014 Your Inventory: Coins $ - 98 gold pieces Weapons a - a blessed +1 long sword (weapon in hand) b - a +0 dagger Armor e - an uncursed +3 small shield (being worn) n - a cursed +0 cornuthaum (being worn) r - a blessed +2 silver dragon scale mail (being worn) y - an uncursed +0 pair of iron shoes (being worn) z - an uncursed +0 dunce cap N - an uncursed +0 pair of gauntlets of power (being worn) Comestibles c - 5 uncursed food rations d - an uncursed tin of sewer rat meat g - an uncursed lichen corpse k - 2 uncursed fortune cookies l - an uncursed cream pie Scrolls m - a cursed scroll of remove curse Tools i - a blessed oil lamp (0:1327) Gems q - an uncursed garnet stone Spells and supernatural/magical abilities: Name Level Category Fail Memory W - pray for help -- divine ? -- Your skills at the end: Fighting Skills wands [Basic] Weapon Skills dagger [Basic] long sword [Basic] Spellcasting Skills Final Attributes: You were piously aligned. You were cold resistant. You were stealthy. You had reflection. You were lucky. You are dead. Vanquished creatures: 4 dwarf zombies an iguana 3 coyotes a hobgoblin 3 jackals 2 foxes a goblin 4 sewer rats 9 grid bugs 2 lichens 2 kobold zombies 32 creatures vanquished. Voluntary challenges: You used a wielded weapon 32 times, starting on turn 9. You were illiterate. You never genocided any monsters. You never polymorphed an object. You never changed form. You used 1 wish, starting on turn 773. You did not wish for any artifacts. You never split a pudding. You never wrote Elbereth's name. You never violated your personal moral code. Dungeon overview: The Dungeons of Doom: levels 1 to 6 Level 1 a long staircase Level 2 a general store Level 3 an altar to Odin, a fountain Level 4 some fountains Level 5 Level 6 <- You were here some fountains History has recorded: On T:1 you entered the Dungeons of Doom to retrieve the Amulet of Yendor! On T:339 you advanced to experience level 2. On T:492 you reached level 2 of The Dungeons of Doom. On T:773 you wished for "holy +2 silver dragon scale mail". On T:1036 you reached level 3 of The Dungeons of Doom. On T:1137 you reached level 4 of The Dungeons of Doom. On T:1162 you reached level 5 of The Dungeons of Doom. On T:1217 you advanced to experience level 3. On T:1234 you reached level 6 of The Dungeons of Doom. On T:1308 you advanced to experience level 4. Score breakdown: Gold: 98 ( 6788 points) Experience: 4 levels ( 9649 points) Exploration: 6 levels ( 12.00%) ( 9583 points) Discoveries: 5 items ( 2.01%) ( 4251 points) Valuables value: (no points given unless you survive) Artifact value: 0 ( 0 points) Variety of kills: 11 monsters ( 2.87%) ( 5084 points) Turncount: 1328 turns ( 0 points) Survival: died (score multiplied by 80%) Total score: 28284 Latest messages: The water moccasin misses. The water moccasin bites! (2x) The water moccasin misses. (8x) The water moccasin bites! (2x) The water moccasin misses. (9x) The water moccasin just misses! The water moccasin misses. The water moccasin just misses! (2x) The water moccasin bites! The water moccasin misses. The water moccasin bites! (2x) The water moccasin's bite was poisoned! The water moccasin just misses! The water moccasin bites! The water moccasin misses. (3x) The water moccasin bites! The water moccasin misses. (2x) The water moccasin bites! The water moccasin misses. The water moccasin bites! (2x) The water moccasin's bite was poisoned! You die... Final status: Farvel partlyeaten the Valkyrie, poisoned by a water moccasin... You died in The Dungeons of Doom on dungeon level 6 with 28284 points, and 98 pieces of gold, after 1328 moves. You were level 4 with a maximum of 47 hit points when you died.